 Dungeon Crawl Stone Soup version 0.27-a0-1525-g1038ab4fd7 (webtiles) character file.

Game seed: 4842894494276650106

248 Sin92 the Skirmisher (level 5, 0/42 HPs)
             Began as a Demonspawn Fighter on July 10, 2021.
             Killed by nerve-wracking pain
             ... invoked by an orc priest
              (1 damage)
             ... on level 3 of the Dungeon.
             The game lasted 00:02:47 (2139 turns).

Sin92 the Skirmisher (Demonspawn Fighter)           Turns: 2139, Time: 00:02:48

Health: 0/42       AC:  9    Str: 18    XL:     5   Next: 86%
Magic:  5/5        EV:  5    Int:  9    God:
Gold:   57         SH:  9    Dex: 12    Spells: 4/4 levels left

rFire    . . .     SeeInvis .   a - +1 long sword
rCold    . . .     Faith    .   c - +0 kite shield
rNeg     . . .     Spirit   .   f - +0 chain mail
rPois    .         Reflect  .   (no helmet)
rElec    .         Harm     .   (no cloak)
rCorr    .         Rampage  .   (no gloves)
Will     .....                  (no boots)
Stlth    ..........             (no amulet)
HPRegen  0.14/turn              (no ring)
MPRegen  0.18/turn              (no ring)

@: no status effects
A: claws 2, magic regeneration
a: no special abilities


You were on level 3 of the Dungeon.
You visited 1 branch of the dungeon, and saw 4 of its levels.

You collected 57 gold pieces.

Inventory:

Hand Weapons
 a - a +1 long sword (weapon)
Armour
 b - a +0 scale mail
 c - a +0 kite shield (worn)
 f - a +0 chain mail (worn)
Jewellery
 e - an amulet of faith
Scrolls
 d - a scroll of enchant weapon
Potions
 h - a potion of flight {unknown}
 i - 2 potions of curing {unknown}


   Skills:
 + Level 3.7 Fighting
 * Level 3.5 Long Blades
 + Level 3.4 Armour
 + Level 1.8 Dodging
 + Level 3.5 Shields


You had 4 spell levels left.
You didn't know any spells.
Your spell library was empty.

Dungeon Overview and Level Annotations

Branches:
Dungeon (4/15)
 Temple: D:4-7

Altars:
Ashenzari
Cheibriados
Nemelex Xobeh
Qazlal

Annotations:
D:3 2 runed translucent doors, atabob's ghost, amateur DsGl


Innate Abilities, Weirdness & Mutations

You have very sharp fingernails.
You regenerate magic rapidly.


Message History

You kill the orc!
The orc hits you but does no damage. You block the orc priest's attack.
The orc barely misses you.
You riposte.
You barely miss the orc. The orc hits you but does no damage.
You barely miss the orc priest. You block the orc priest's attack.
You block the orc's attack. The orc completely misses you.
The orc priest hits you but does no damage.
The orc barely misses you.
Unknown command.
You closely miss the orc priest. You block the orc's attack.
The orc priest hits you with a +0 falchion.
The orc hits you with a +0 falchion. The orc hits you but does no damage.
Unknown command.
You closely miss the orc priest.
The orc priest invokes the aid of Beogh against you.
Pain shoots through your body! You block the orc's attack.
The orc hits you with a +0 club.
The orc priest invokes the aid of Beogh against you.
Beogh smites you!
* * * LOW HITPOINT WARNING * * *
The orc hits you but does no damage.
You are too injured to fight recklessly!
Unknown command.
You are too injured to fight recklessly!
You are too injured to fight recklessly!
Unknown command.
You are too injured to fight recklessly!
You hit the orc priest.
The orc priest is moderately wounded.
The orc hits you with a +0 club.
* * * LOW HITPOINT WARNING * * *
The orc priest hits you with a +0 falchion.
* * * LOW HITPOINT WARNING * * *
You block the orc's attack.
You hit the orc priest but do no damage.
The orc priest is moderately wounded.
You block the orc's attack.
The orc priest mumbles some strange prayers to Beogh against you.
Pain shoots through your body!
You die...

########################
............##..........
............##..........
......)o....##..........
......o@....'...........
......o.....##..........
...........................
.....(..#.#(#.#.#.......###.
.........#.#.#.#.#.>.........
.........#.#.#.#.#........)..
.........#.#.#.#.#...........
.........#.#.#.#.#.#####.....
...................# ######


You could see an orc priest and 2 orcs.

Vanquished Creatures
  A centaur (D:4)
  A bullfrog (D:4)
  A jelly (D:4)
  An adder (D:3)
  2 worms
  3 orcs (D:3)
  3 bats (D:1)
  7 endoplasms
  A giant cockroach (D:2)
  5 goblins (D:1)
  3 hobgoblins
  4 jackals (D:4)
  3 quokkas
  8 ball pythons
  3 frilled lizards (D:1)
  5 kobolds
  3 rats
54 creatures vanquished.

Notes
Turn   | Place    | Note
-------+----------+-------------------------------------------
     0 | D:1      | Sin92 the Demonspawn Fighter began the quest for the Orb.
     0 | D:1      | Reached XP level 1. HP: 18/18 MP: 1/1
   289 | D:1      | Gained mutation: You have sharp fingernails. [demonic
                  | ancestry]
   289 | D:1      | Reached XP level 2. HP: 24/24 MP: 2/2
   830 | D:1      | Gained mutation: You regenerate magic rapidly. [demonic
                  | ancestry]
   830 | D:1      | Reached XP level 3. HP: 29/29 MP: 3/3
  1061 | D:2      | Found a snail-covered altar of Cheibriados.
  1243 | D:3      | Found a stormy altar of Qazlal.
  1293 | D:4      | Noticed a centaur
  1301 | D:4      | Killed a centaur
  1302 | D:4      | Reached skill level 1 in Dodging
  1302 | D:4      | Gained mutation: You have very sharp fingernails. [demonic
                  | ancestry]
  1302 | D:4      | Reached XP level 4. HP: 9/35 MP: 4/4
  1302 | D:4      | Reached XP level 5. HP: 10/41 MP: 5/5
  1308 | D:4      | HP: 2/41 [bullfrog (3)]
  1320 | D:4      | Found a sparkling altar of Nemelex Xobeh.
  1794 | D:4      | Found a broken altar of Ashenzari.
  2070 | D:3      | Found a large runed translucent door.
  2070 | D:3      | Found a large runed translucent door.
  2074 | D:3      | Noticed atabob's ghost (amateur DsGl)
  2138 | D:3      | HP: 1/42 [orc priest (2)]
  2139 | D:3      | Killed from afar by an orc priest

Illustrated notes

Levels and vault maps discovered:
D:1:      minmay_arrival_stair_chambers, layout_loops_ring
D:2:      layout_basic, basic_altar, minmay_misc_feat_rugged,
          minmay_pentomino_q2, uniq_robin
D:3:      layout_basic, grunt_temple_overflow_open,
          nicolae_qazlal_general_emergency, ebering_ghost_disaster_area,
          minmay_misc_feat_rows
D:4:      layout_layer_cave, nemelex_diamond_rough_becter, ashenzari_altar_1,
          hangedman_decor_diamond_cutter

Skill      XL: |  1  2  3 |
---------------+----------+-----
Long Blades    | 2 3 |  3.5
Shields        | 3 |  3.5
Armour         | 3 |  3.4
Dodging        | 1 |  1.8
Fighting       | |  3.7

Action                   |  1- 3 |  4- 6 || total
-------------------------+-------+-------++-------
Melee: Long sword        |    97 |    45 ||   142
  Use: Potion            |     1 |       ||     1
       Scroll            |       |     3 ||     3
Armor: Scale mail        |    21 |       ||    21
       Chain mail        |    34 |    84 ||   118
Dodge: Dodged            |    19 |    25 ||    44
Block: Kite shield       |    46 |    59 ||   105
       Rpst.: Long sword |    10 |    11 ||    21

Table legend: (Time is in decaauts)
 A = Elapsed time spent in this place.
 B = Non-inter-level travel time spent in this place.
 C = Inter-level travel time spent in this place.
 D = Time resting spent in this place.
 E = Time spent auto-exploring this place.
 F = Levels seen in this place.
 G = Mean time per level.
                   A        B        C        D        E       F      G
               +--------+--------+--------+--------+--------+-----+--------+
         Total |   2210 |   2197 |     13 |    696 |    927 |   4 |  552.5 |
       Dungeon |   2210 |   2197 |     13 |    696 |    927 |   4 |  552.5 |
               +--------+--------+--------+--------+--------+-----+--------+

Top non-repeatable levels by time:
     D:1: 961 daAuts
     D:4: 609 daAuts
     D:3: 333 daAuts
     D:2: 306 daAuts
